 Dungeon Crawl Stone Soup version 0.18.1-48-g4cf74bf (webtiles) character file.

536 Joat the Ducker (level 7, 11/54 HPs)
             Began as a Demonspawn Wanderer on Aug 15, 2016.
             Quit the game on level 5 of the Dungeon.
             The game lasted 00:18:40 (4389 turns).

Joat the Ducker (Demonspawn Wanderer)               Turns: 4389, Time: 00:18:41

Health: 11/54      AC:  6    Str: 13    XL:     7   Next: 4%
Magic:  7/7        EV: 14    Int: 13    God:
Gold:   193        SH:  0    Dex: 14    Spells: 0 memorised, 6 levels left

rFire  . . .     SeeInvis .     a - +3 dagger
rCold  + . .     Gourm    .     s - +1 robe {rC+}
rNeg   . . .     Faith    .     (no shield)
rPois  .         Spirit   .     b - +1 hat
rElec  .         Dismiss  .     (no cloak)
rCorr  .         Reflect  .     o - +1 pair of gloves
SustAt .         Harm     .     (no boots)
MR     .....                    (no amulet)
Stlth  ++........               (no ring)
                                (no ring)

@: not resistant to hostile enchantments, unstealthy
A: antennae 1, claws 1, hooves 1, powered by death 1
a: no special abilities


You were on level 5 of the Dungeon.
You were not hungry.

You visited 1 branch of the dungeon, and saw 5 of its levels.

You collected 193 gold pieces.

Inventory:

Hand Weapons
 a - a +3 dagger (weapon)
Missiles
 l - 8 curare-tipped needles
 t - 32 poisoned needles
Armour
 b - a +1 hat (worn)
 c - a +0 ring mail
 e - a +0 leather armour
 m - a +0 robe
 o - a +1 pair of gloves (worn)
 s - a +1 robe of cold resistance (worn)
Scrolls
 d - a scroll of blinking
 k - 2 scrolls of identify
 p - 2 scrolls of teleportation
 q - a scroll of amnesia
Potions
 h - a potion of flight
 i - a potion of resistance
 r - a potion of degeneration
Miscellaneous
 n - a plain deck of escape
Comestibles
 f - 4 bread rations
 g - 12 fruits
 j - a meat ration
 u - a chunk of flesh


   Skills:
 + Level 4.0 Fighting
 + Level 3.9 Short Blades
 - Level 1.0 Throwing
 + Level 1.0 Armour
 + Level 4.4 Dodging
 + Level 4.1 Stealth


You had 6 spell levels left.
You didn't know any spells.

Dungeon Overview and Level Annotations

Branches:
Dungeon (5/15)
 Temple: D:4-7

Altars:
Dithmenos
Elyvilon
Nemelex Xobeh

Annotations:
D:3 1 runed door


Innate Abilities, Weirdness & Mutations

You have a pair of small antennae on your head.
You have sharp fingernails.
You have large cloven feet.
You regenerate a little health from kills.


Message History

The gnoll is heavily wounded.
The gnoll closely misses you.
Unknown command.
Unknown command.
Unknown command.
Unknown command.
Unknown command.
Unknown command.
Unknown command.
Drink which item? (? for menu, Esc to quit)
Okay, then.
Read which item? (? for menu, Esc to quit)
Okay, then.
Unknown command.
Unknown command.
Unknown command.
Unknown command.
Read which item? (? for menu, Esc to quit)
Okay, then.
Are you sure you want to abandon this character and quit the game? (Confirm with "yes".)

..... #####
..... #.
...###.
...... #...
#!## ##..##
##g...##
#g@##..###
#gg#####..##
## ....#
##..###
####. #....#
##...###...#
#<..#
###.....###
#..# ##..###
#.. #..# #.
#..# #..#


You could see 4 gnolls.

Vanquished Creatures
  2 phantoms
  3 orc wizards
  2 iguanas
  A worker ant (D:4)
  4 gnolls (D:2)
  10 adders
  An ooze (D:2)
  2 worms
  A dart slug (D:2)
  A giant gecko (D:4)
  5 orcs
  3 ball pythons
  13 bats
  A giant cockroach (D:1)
  4 goblins
  3 hobgoblins
  2 jackals (D:2)
  2 quokkas
  7 giant newts
  5 kobolds
  7 rats
79 creatures vanquished.

Notes
Turn   | Place    | Note
--------------------------------------------------------------
     0 | D:1      | Joat the Demonspawn Wanderer began the quest for the Orb.
     0 | D:1      | Joat set off with: a +2 dagger, a scroll of fear, a +0 ring mail, a potion of curing, a bread ration
     0 | D:1      | Reached XP level 1. HP: 18/18 MP: 1/1
   206 | D:1      | Reached skill level 1 in Short Blades
   379 | D:1      | Gained mutation: You regenerate a little health from kills. [demonic ancestry]
   379 | D:1      | Reached XP level 2. HP: 24/24 MP: 2/2
   490 | D:1      | Found a sparkling altar of Nemelex Xobeh.
   951 | D:2      | Reached XP level 3. HP: 17/29 MP: 3/3
   964 | D:2      | HP: 1/29 [gnoll/spear (9)]
  1068 | D:2      | Gained mutation: You have a pair of small antennae on your head. [demonic ancestry]
  1068 | D:2      | Reached XP level 4. HP: 21/35 MP: 4/4
  1957 | D:3      | Found a white marble altar of Elyvilon.
  1957 | D:3      | Noticed an angel
  1958 | D:3      | Found a runed door.
  2119 | D:3      | Gained mutation: You have sharp fingernails. [demonic ancestry]
  2119 | D:3      | Reached XP level 5. HP: 30/41 MP: 5/5
  2990 | D:4      | Noticed a phantom
  3050 | D:4      | Killed a phantom
  3050 | D:4      | Gained mutation: You have large cloven feet. [demonic ancestry]
  3050 | D:4      | Reached XP level 6. HP: 20/48 MP: 6/6
  3993 | D:5      | Entered Level 5 of the Dungeon
  4311 | D:5      | Found a shadowy altar of Dithmenos.
  4318 | D:5      | Reached XP level 7. HP: 38/54 MP: 7/7
  4389 | D:5      | Quit the game

Skill      XL: |  1  2  3  4  5  6 |
---------------+-------------------+-----
Short Blades   | 1 2 3 |  3.9
Dodging        | 2 3 4 |  4.4
Stealth        | 4 |  4.1
Fighting       | 4 |  4.0
Throwing       | |  1.0
Armour         | |  1.0

Action                   |  1- 3 |  4- 6 |  7- 9 || total
-------------------------+-------+-------+-------++-------
Melee: Dagger            |    78 |   296 |     6 ||   380
       Kick              |       |    10 |     3 ||    13
  Use: Potion            |     2 |     3 |       ||     5
       Scroll            |     4 |     9 |       ||    13
 Stab: Sleeping          |     5 |     5 |       ||    10
  Eat: Chunk             |     1 |     7 |       ||     8
       Meat ration       |       |     1 |       ||     1
Armor: Leather armour    |     2 |       |       ||     2
       Ring mail         |     1 |       |       ||     1
       Robe              |    10 |    75 |     1 ||    86
       Skin              |       |    40 |       ||    40
Dodge: Dodged            |    43 |   174 |     7 ||   224
